 Dungeon Crawl Stone Soup version 0.31.0-11-ge490571c62 (webtiles) character file.

Game seed: 5010130542658068096

72 puppykicker the Slasher (level 4, -2/35 HPs)
             Began as a Djinni Chaos Knight on Jan 28, 2024.
             Was a Plaything of Xom.
             Slain by Crazy Yiuf the centaur
             ... wielding a +3 quarterstaff of chaos
              (3 damage)
             ... on level 2 of the Dungeon.
             The game lasted 00:04:00 (1654 turns).

puppykicker the Slasher (Djinni Chaos Knight)       Turns: 1654, Time: 00:04:01

Health: -2/35      AC: 10    Str: 11    XL:     4   Next: 48%
Gold:   127        EV: 12    Int: 13    God:    Xom [..*...] SH:  0 Dex: 15

rFire   + + .        a - +0 falchion (chaos)
rCold   x . .        (no shield)
rNeg    . . .        j - +2 leather armour
rPois   ∞            h - +2 helmet
rElec   .            (no cloak)
rCorr   .            q - +1 pair of gloves
SInv    .            (boots unavailable)
Will    .....        (no amulet)
Stlth   +            (no ring)
HPRegen 0.25/turn    (no ring)
MPRegen 0.00/turn

%: infuse magic (-3 HP)
@: mighty, flying
A: sickness immunity, fire resistance 2, cold vulnerability 1, float, innate
caster, HP casting, extra vitality 1
a: Renounce Religion


You were on level 2 of the Dungeon.
You worshipped Xom.
You were a toy of Xom.
You visited 1 branch of the dungeon, and saw 2 of its levels.

You collected 127 gold pieces.

Inventory:

Hand Weapons
 a - a +0 falchion of chaos (weapon)
 b - a +0 short sword of venom
 w - a +0 scimitar
Missiles
 k - a poisoned dart (quivered)
Armour
 h - a +2 helmet (worn)
 j - a +2 leather armour (worn)
 m - a +1 chain mail of fire resistance {rF+}
 q - a +1 pair of gloves (worn)
Wands
 l - a wand of polymorph (4)
Scrolls
 c - a scroll of butterflies
 d - a scroll of enchant weapon {unknown}
 f - 2 scrolls of teleportation {unknown}
 n - 3 scrolls of identify {unknown}
 o - a scroll of revelation {unknown}
 p - a scroll of poison {unknown}
Potions
 e - 2 potions of heal wounds {unknown}
 g - a potion of mutation {unknown}
 i - a potion of brilliance {unknown}


   Skills:
 - Level 3.0 Fighting
 + Level 4.5 Long Blades
 - Level 1.0 Armour
 - Level 2.1 Dodging


You knew the following spells:

 Your Spells              Type           Power      Damage    Failure   Level
g - Apportation           Tloc           0%         N/A       38%         1
Your spell library was empty.

Dungeon Overview and Level Annotations

Branches:
Dungeon (2/15)

Altars:

Annotations:
D:2 Crazy Yiuf


Innate Abilities, Weirdness & Mutations

You are immune to sickness and miasma.
You are immune to poison.
Your flesh is very heat resistant. (rF++)
You are vulnerable to cold. (rC-)
You float through the air rather than walking.
You learn spells naturally, not from books.
Your magical power is your life essence.
You have superior vitality. (+4 MHP)


Message History

A shower of butterflies erupts from you!
Crazy Yiuf kicks you but does no damage.
You take 11 damage, and have 21/35 hp.
MASSIVE DAMAGE!!
You barely miss Crazy Yiuf.
Crazy Yiuf is heavily wounded.
Crazy Yiuf hits you but does no damage.
You are electrocuted!!
Ouch! That really hurt!
* * * LOW HITPOINT WARNING * * *
A shower of butterflies erupts from you!
Crazy Yiuf kicks you but does no damage.
You take 18 damage, and have 3/35 hp.
MASSIVE DAMAGE!!
You swap places.
Crazy Yiuf barely misses your butterfly.
Crazy Yiuf closely misses your butterfly.
Crazy Yiuf completely misses your butterfly. x2
You swap places.
Crazy Yiuf closely misses your butterfly.
Crazy Yiuf barely misses your butterfly.
Crazy Yiuf hits your butterfly with a +3 quarterstaff of chaos!
Lightning courses through your butterfly!
Your butterfly dies!
Your butterfly disappears in a puff of smoke!
Throw: 2 darts (poison)
Press: ? - help, Q - select action, (/) - cycle Shift-Dir - straight line, f/p - Crazy Yiuf
Aim: Crazy Yiuf the centaur, wielding a +3 quarterstaff of chaos (heavily wounded, 68% to hit)
You throw a poisoned dart. The poisoned dart hits Crazy Yiuf.
Crazy Yiuf is poisoned.
Crazy Yiuf is heavily wounded.
Unknown command.
You barely miss Crazy Yiuf.
Crazy Yiuf is heavily wounded.
Crazy Yiuf hits you with a +3 quarterstaff of chaos.
* * * LOW HITPOINT WARNING * * *
You feel very mighty all of a sudden. Crazy Yiuf kicks you.
You die...
Xom bursts into laughter! #.##....# .bb

#.# ###.##....# #b# #.#
..#'##†...### ♣♣c♣ #.#
............# ♣.♣♣ #.###
............# ♣♣.♣ #...#
......###.### ♣(♣♣ #.#.#
......# #.### ♣♣b♣♣ #.#.#
####'####...# ♣.c.♣♣
#.#.# ......>.....#
♣.@.b♣ #.#.#
####.###....# ##..##
#.#.#### #.#
###..###....# ##......#
#.# #.###.#...###..#.####
#.#####.# #.#..........#
#.......# #.....>##..###
############ #.#....##..#
##........## #.#....##..#
#..........###......##..#


You could see Crazy Yiuf the centaur (poisoned, ally target).

Levels and vault maps discovered:
D:1:      dpeg_arrival_three_same_balls, layout_basic,
          shapermc_ecumenical_altar_venn
D:2:      kennysheep_big_flooded_room, layout_basic, uniq_crazy_yiuf_cottage,
          uniq_terence

Notes
Turn   | Place    | Note
-------+----------+-------------------------------------------
     0 | D:1      | puppykicker the Djinni Chaos Knight began the quest for the
                  | Orb.
     0 | D:1      | Reached XP level 1. HP: 20/20 MP: 0/0
   170 | D:1      | XOM: cloud trail
   173 | D:1      | Identified a +0 leather armour
   177 | D:1      | Identified a +0 falchion of chaos
   181 | D:1      | Reached skill level 3 in Long Blades
   194 | D:1      | Identified a +1 pair of boots
   209 | D:1      | Found a faded altar of an unknown god.
   240 | D:1      | Reached XP level 2. HP: 23/25 MP: 0/0
   306 | D:1      | Identified a +0 dagger
   318 | D:1      | Identified a +2 helmet
   325 | D:1      | XOM: silly message
   343 | D:1      | Identified a +0 short sword
   364 | D:1      | Identified a +0 short sword of venom
   460 | D:1      | Reached XP level 3. HP: 30/30 MP: 0/0
   460 | D:1      | Learned a level 1 spell: Apportation
   478 | D:1      | Identified a +0 ring mail
   703 | D:2      | XOM: silly message
   779 | D:2      | Identified a +0 whip
   813 | D:2      | Identified a +0 short sword
   813 | D:2      | Identified a +1 chain mail of fire resistance
   813 | D:2      | Noticed Terence
   835 | D:2      | XOM: silly message
   853 | D:2      | Identified a +2 leather armour
   873 | D:2      | Killed Terence
   874 | D:2      | Reached skill level 4 in Long Blades
   874 | D:2      | Reached XP level 4. HP: 35/35 MP: 0/0
   999 | D:2      | Identified a +0 scimitar
  1205 | D:2      | Identified a +0 scale mail
  1246 | D:2      | Identified a +0 plate armour
  1309 | D:2      | XOM: silly message
  1417 | D:2      | Identified a +1 pair of gloves
  1433 | D:2      | Identified a +0 leather armour
  1479 | D:2      | Found a runed translucent door.
  1480 | D:2      | Identified a +3 quarterstaff of chaos
  1480 | D:2      | Identified a +0 cloak
  1480 | D:2      | Noticed Crazy Yiuf
  1643 | D:2      | Crazy Yiuf changed into Crazy Yiuf the centaur
  1643 | D:2      | Noticed Crazy Yiuf
  1645 | D:2      | XOM: butterfly on damage
  1646 | D:2      | HP: 3/35 [Crazy Yiuf the centaur/+3 quarterstaff of chaos
                  | (19)]
  1646 | D:2      | XOM: butterfly on damage
  1654 | D:2      | HP: 1/35 [Crazy Yiuf the centaur/+3 quarterstaff of chaos
                  | (4)]
  1654 | D:2      | Slain by Crazy Yiuf the centaur

Table legend: (Time is in decaauts)
 A = Elapsed time spent in this place.
 B = Non-inter-level travel time spent in this place.
 C = Inter-level travel time spent in this place.
 D = Time resting spent in this place.
 E = Time spent auto-exploring this place.
 F = Levels seen in this place.
 G = Mean time per level.
                   A        B        C        D        E       F      G
               +--------+--------+--------+--------+--------+-----+--------+
         Total |   1652 |   1611 |     41 |      7 |   1230 |   2 |  826.0 |
       Dungeon |   1652 |   1611 |     41 |      7 |   1230 |   2 |  826.0 |
               +--------+--------+--------+--------+--------+-----+--------+

Top non-repeatable levels by time:
     D:2: 970 daAuts
     D:1: 681 daAuts

Table legend:
 A = Kills in this place as a percentage of kills in the entire game.
 B = Kills by you in this place as a percentage of kills by you in the entire game.
 C = Kills by friends in this place as a percentage of kills by friends in the entire game.
 D = Other kills in this place as a percentage of other kills in the entire game.
 E = Experience gained in this place as a percentage of experience gained in the entire game.
 F = Experience gained in this place divided by the number of levels of this place that you have seen.
                   A       B       C       D       E      F
               +-------+-------+-------+-------+-------+----------------------
         Total | 100.0 | 100.0 |   N/A |   N/A | 100.0 |  51.5
       Dungeon | 100.0 | 100.0 |   N/A |   N/A | 100.0 |  51.5
               +-------+-------+-------+-------+-------+----------------------

Skill      XL: |  1  2  3 |
---------------+----------+-----
Long Blades    | 3 4 |  4.5
Fighting       | |  3.0
Armour         | |  1.0
Dodging        | |  2.1

Action                     |  1- 3 |  4- 6 || total
---------------------------+-------+-------++-------
  Melee: Falchion          |    51 |    40 ||    91
         Punch             |     1 |       ||     1
         Unarmed           |    21 |       ||    21
  Throw: Dart              |       |     1 ||     1
  Evoke: Wand              |       |     2 ||     2
   Stab: Confused          |     1 |       ||     1
 Armour: Leather armour    |    38 |    24 ||    62
         Skin              |     2 |       ||     2
  Dodge: Dodged            |    44 |    29 ||    73

Vanquished Creatures
  Terence (D:2)
  An adder (D:2)
  A dart slug (D:1)
  3 endoplasms
  2 giant cockroaches (D:2)
  6 hobgoblins
  4 kobolds
  4 quokkas
  7 ball pythons
  3 bats (D:1)
  A frilled lizard (D:1)
  2 rats (D:1)
35 creatures vanquished.
